 Dungeon Sprint DCSS version 0.21.1-1-g345015f (webtiles) character file.

7600000 Fang the Axe Maniac (level 27, -31/273 HPs)
             Began as a Minotaur Gladiator on May 3, 2018.
             Was the Champion of Makhleb.
             Annihilated by a destroyer
             ... wielding a +9 great sword of slicing
              (48 damage)
             ... in the Dungeon (Sprint VIII: "Arena of Blood").
             The game lasted 00:02:04 (76 turns).

Fang the Axe Maniac (Minotaur Gladiator)              Turns: 76, Time: 00:02:04

Health: -31/273    AC:  6    Str: 30    XL:     27
Magic:  29/53      EV: 31    Int:  5    God:    Makhleb [******]
Gold:   0          SH:  0    Dex: 14    Spells: 80/80 levels left

rFire    . . .     SeeInvis .   l - +∞ Axe of Woe
rCold    . . .     Gourm    .   (shield currently unavailable)
rNeg     . . .     Faith    .   b - +0 leather armour
rPois    .         Spirit   .   c - +0 hat
rElec    .         Reflect  .   (no cloak)
rCorr    .         Harm     .   (no gloves)
MR       ++...     NoTele   +   (no boots)
Stlth    +++++++++.             (no amulet)
HPRegen  0.55/turn              (no ring)
MPRegen  0.33/turn              (no ring)

@: no status effects
A: retaliatory headbutt, horns 2
a: Minor Destruction, Lesser Servant of Makhleb, Major Destruction, Greater
Servant of Makhleb, Renounce Religion


You were in the Dungeon.
You worshipped Makhleb.
Makhleb was exalted by your worship.
You were not hungry.

You visited 1 branch

Inventory:

Hand Weapons
 a - a +0 war axe
 l - the +∞ Axe of Woe (weapon)
   (You found it in the Dungeon)
Missiles
 d - 3 throwing nets (quivered)
Armour
 b - a +0 leather armour (worn)
 c - a +0 hat (worn)
Scrolls
 k - a scroll of blinking
Potions
 e - a potion of curing
 g - a potion of heal wounds
 h - a potion of haste
 i - 2 potions of magic
 j - a potion of berserk rage
Comestibles
 f - a ration


   Skills:
 O Level 27 Fighting
 O Level 27 Axes
 O Level 27 Throwing
 O Level 27 Armour
 O Level 27 Dodging
 O Level 27 Stealth
 O Level 27 Unarmed Combat
 O Level 27 Spellcasting
 O Level 27 Invocations


You had 80 spell levels left.
You didn't know any spells.

Dungeon Overview and Level Annotations

Branches:
Dungeon (1/1)

Altars:
Makhleb


Innate Abilities, Weirdness & Mutations

You reflexively headbutt those who attack you in melee.
You have a pair of horns on your head.


Message History

Makhleb accepts your kill.
You slash the crawling corpse!
You butcher the crawling corpse messily.
You destroy the crawling corpse!
You are engulfed in blazing flames.
You hear a shout! x2
The accursed points at you and mumbles some strange words.
Something smites you!
You hear a shout!
A bag of meat comes into view. It is wielding a +9 war axe.
An ogre and a two-headed ogre come into view.
You hear a shout!
The tyrant gestures wildly while chanting.
You hear a shout! x3
The bag of meat is engulfed in blazing flames. x2
You hear a shout!
The destroyer hits you with a +9 great sword of slicing!!!!!
Ouch! That really hurt!
* * * LOW HITPOINT WARNING * * *
You die...

#...#..o.....X.....
.....#. ...OX.zXX..
....... ......LoO..
....... ...XXMX...
#...M%. #.XX....#
...#... #XXXo...#
#....X)###VLX....###.
....xoo§o@ox###......
..%.#.§o§x))._......
. #.ozO§)§#)....#.§.
....%V..))#_)<._#
..#o.zz.§.#.....#
...o#o......._......
...O........###......
.......###... ..###.
.....§. #.... ..#


You could see an accursed, 2 tentacled monstrosities, 2 tyrants, 2 destroyers, 4
sculptors of flesh, 2 large bags of meat, 12 large abominations, a meat
berserker (berserk), 11 bags of meat and 3 crawling corpses.

Vanquished Creatures
  A wraith (D)
  13 vampire knights (D)
  24 ogres (D)
  3 two-headed ogres (D)
  2 liches (D)
  54 orcs (D)
  3 skeletal warriors (D)
  8 small abominations (D)
  4 large abominations (D)
  11 crawling corpses (D)
123 creatures vanquished.

Vanquished Creatures (others)
  3 crawling corpses (D)
3 creatures vanquished.

Grand Total: 126 creatures vanquished

Notes
Turn   | Place    | Note
-------+----------+-------------------------------------------
     0 | D        | Found the +∞ Axe of Woe
     0 | D        | Fang the Minotaur Gladiator began the quest for the Orb.
     0 | D        | Reached XP level 1. HP: 18/18 MP: 0/0
     4 | D        | Became a worshipper of Makhleb the Destroyer
     6 | D        | Noticed a bag of meat
     7 | D        | Noticed a bag of meat
     7 | D        | Noticed a bag of meat
     9 | D        | Killed a bag of meat
     9 | D        | Reached XP level 2. HP: 39/41 MP: 1/1
     9 | D        | Reached XP level 3. HP: 46/48 MP: 2/2
     9 | D        | Reached XP level 4. HP: 54/56 MP: 3/3
     9 | D        | Reached XP level 5. HP: 60/62 MP: 4/4
     9 | D        | Reached XP level 6. HP: 67/70 MP: 5/5
     9 | D        | Reached XP level 7. HP: 74/77 MP: 6/6
     9 | D        | Reached XP level 8. HP: 80/83 MP: 7/7
     9 | D        | Reached XP level 9. HP: 87/90 MP: 8/8
     9 | D        | Reached XP level 10. HP: 94/97 MP: 9/9
     9 | D        | Reached XP level 11. HP: 100/104 MP: 10/10
    10 | D        | Noticed a meat berserker
    10 | D        | Noticed a bag of meat
    11 | D        | Noticed a bag of meat
    11 | D        | Killed a bag of meat
    11 | D        | Reached * piety under Makhleb
    11 | D        | Reached skill level 5 in Armour
    11 | D        | Reached XP level 12. HP: 79/116 MP: 11/11
    11 | D        | Killed a bag of meat
    11 | D        | Reached skill level 15 in Fighting
    11 | D        | Reached XP level 13. HP: 87/127 MP: 12/12
    12 | D        | Killed a bag of meat
    12 | D        | Reached XP level 14. HP: 94/137 MP: 13/13
    14 | D        | Killed a meat berserker
    14 | D        | Reached ** piety under Makhleb
    14 | D        | Reached skill level 27 in Axes
    14 | D        | Reached skill level 15 in Throwing
    14 | D        | Reached skill level 27 in Dodging
    14 | D        | Reached XP level 15. HP: 107/155 MP: 14/14
    16 | D        | Noticed a meat berserker
    17 | D        | Noticed a meat berserker
    19 | D        | Killed a meat berserker
    19 | D        | Reached XP level 16. HP: 182/182 MP: 15/15
    21 | D        | Noticed a meat berserker
    21 | D        | Killed a meat berserker
    21 | D        | Reached *** piety under Makhleb
    21 | D        | Reached skill level 27 in Fighting
    21 | D        | Reached skill level 15 in Armour
    22 | D        | Reached skill level 27 in Throwing
    22 | D        | Reached XP level 17. HP: 191/191 MP: 16/16
    23 | D        | Reached **** piety under Makhleb
    24 | D        | Noticed a destroyer
    24 | D        | Noticed a large bag of meat
    24 | D        | Reached skill level 27 in Armour
    25 | D        | Noticed a meat berserker
    25 | D        | Killed a destroyer
    25 | D        | Reached XP level 18. HP: 200/200 MP: 16/30
    25 | D        | Reached skill level 15 in Invocations
    27 | D        | Killed a meat berserker
    27 | D        | Reached ***** piety under Makhleb
    27 | D        | Reached XP level 19. HP: 207/207 MP: 16/35
    28 | D        | Noticed a destroyer
    28 | D        | Noticed a meat berserker
    29 | D        | Reached skill level 15 in Spellcasting
    30 | D        | Killed a destroyer
    30 | D        | Reached XP level 20. HP: 216/216 MP: 17/40
    31 | D        | Killed a meat berserker
    32 | D        | Noticed a meat berserker
    32 | D        | Noticed a destroyer
    33 | D        | Killed a meat berserker
    33 | D        | Reached ****** piety under Makhleb
    33 | D        | Reached skill level 27 in Unarmed Combat
    33 | D        | Killed a large bag of meat
    33 | D        | Reached skill level 27 in Invocations
    33 | D        | Reached XP level 21. HP: 129/224 MP: 17/44
    35 | D        | Killed a destroyer
    35 | D        | Reached skill level 27 in Stealth
    37 | D        | Reached skill level 27 in Spellcasting
    37 | D        | Reached XP level 22. HP: 222/233 MP: 18/52
    43 | D        | Reached XP level 23. HP: 240/240 MP: 20/53
    45 | D        | Reached XP level 24. HP: 249/249 MP: 20/53
    46 | D        | Noticed a large bag of meat
    47 | D        | Noticed a destroyer
    47 | D        | Noticed a destroyer
    49 | D        | Noticed a destroyer
    49 | D        | Noticed a destroyer
    49 | D        | Noticed a destroyer
    50 | D        | Noticed a tyrant
    51 | D        | Killed a destroyer
    51 | D        | Killed a destroyer
    51 | D        | Reached XP level 25. HP: 257/257 MP: 22/53
    52 | D        | Noticed a large bag of meat
    53 | D        | Killed a destroyer
    53 | D        | Reached XP level 26. HP: 266/266 MP: 23/53
    53 | D        | Killed a large bag of meat
    54 | D        | Noticed a tyrant
    55 | D        | Noticed a tyrant
    55 | D        | Noticed a destroyer
    58 | D        | Noticed a tyrant
    58 | D        | Noticed a large bag of meat
    58 | D        | Noticed a destroyer
    58 | D        | Noticed a destroyer
    59 | D        | Noticed a destroyer
    59 | D        | Noticed a destroyer
    59 | D        | Killed a tyrant
    59 | D        | Reached XP level 27. HP: 265/273 MP: 24/53
    62 | D        | Noticed an accursed
    62 | D        | Killed a tyrant
    62 | D        | Killed a destroyer
    63 | D        | Killed a destroyer
    63 | D        | Killed a destroyer
    64 | D        | Killed a large bag of meat
    65 | D        | Noticed a dread
    65 | D        | Killed a destroyer
    66 | D        | Killed a destroyer
    68 | D        | Killed a destroyer
    69 | D        | Noticed a destroyer
    69 | D        | Killed a destroyer
    74 | D        | Noticed an accursed
    75 | D        | Noticed a destroyer
    75 | D        | Noticed a large bag of meat
    75 | D        | Killed a dread
    76 | D        | Noticed a large bag of meat
    76 | D        | Annihilated by a destroyer

Skill      XL: |  1  2  3  4  5  6  7  8  9 10 11 12 13 14 15 16 17 18 19 20 21 |
---------------+----------------------------------------------------------------+-----
Fighting       | 12 13 15 16 20 26 27 | 27.0
Axes           | 20 23 25 26 27 | 27.0
Throwing       | 9 11 12 15 20 27 | 27.0
Armour         | 4 5 6 7 11 17 27 | 27.0
Dodging        | 18 21 22 24 27 | 27.0
Stealth        | 12 16 21 25 27 | 27.0
Unarmed Combat | 14 19 24 27 | 27.0
Spellcasting   | 9 13 17 20 27 | 27.0
Invocations    | 13 17 22 27 | 27.0

Action                   |  1- 3 |  4- 6 |  7- 9 | 10-12 | 13-15 | 16-18 | 19-21 | 22-24 | 25-27 || total
-------------------------+-------+-------+-------+-------+-------+-------+-------+-------+-------++-------
Melee: Executioner's axe |     1 |       |       |     1 |     4 |     6 |     6 |     8 |    19 ||    45
Dodge: Dodged            |       |       |       |       |       |     1 |     1 |     4 |     2 ||     8
